 Dungeon Crawl Stone Soup version 0.17-a0-1701-gf693a3f (webtiles) character file.

28 urechis the Changer (level 3, 0/31 HPs)
             Began as a Naga Transmuter on Aug 21, 2015.
             Succumbed to an adder's poison
             ... on level 2 of the Dungeon.
             The game lasted 00:01:51 (1190 turns).

urechis the Changer (Naga Transmuter)               Turns: 1190, Time: 00:01:52

Health: 0/31       AC:  2    Str: 12    XL:     3   Next: 12%
Magic:  6/6        EV: 10    Int: 14    God:
Gold:   67         SH:  0    Dex: 11    Spells: 3 memorised, 0 levels left

rFire  . . .     SeeInvis +       - Unarmed
rCold  . . .     Clarity  .     b - +0 robe
rNeg   . . .     SustAt   .     (no shield)
rPois  +         Gourm    .     (no helmet)
rElec  .         Spirit   .     (no cloak)
rCorr  +         Warding  .     (no gloves)
rMut   .         Stasis   .     (no barding)
MR     .....                    f - amulet of resist corrosion
Stlth  +.........               (no ring)
                                (no ring)

@: lethally poisoned (0 -> -8), very slow, not resistant to hostile
enchantments, very unstealthy
A: see invisible, deformed body, poison resistance, slowness 2, slow metabolism
1, spit poison 2, AC +1
a: Spit Poison


You were on level 2 of the Dungeon.
You were hungry.

You visited 1 branch of the dungeon, and saw 2 of its levels.

You collected 67 gold pieces.

Inventory:

Missiles
 a - 12 arrows
Armour
 b - a +0 robe (worn)
Jewellery
 f - an amulet of resist corrosion (around neck)
Scrolls
 i - 2 scrolls of identify {unknown}
 k - a scroll of enchant armour {unknown}
 l - a scroll of fear {unknown}
Potions
 e - 2 potions of lignification {unknown}
 g - a potion of flight {unknown}
 h - a potion of curing {unknown}
Books
 c - a book of Changes

   Spells                             Type                      Level
   a - Beastly Appendage              Transmutation                1
   b - Sticks to Snakes               Transmutation                2
   c - Spider Form                    Transmutation/Poison         3
   d - Ice Form                       Ice/Transmutation            4
   e - Blade Hands                    Transmutation                5
Comestibles
 d - 3 bread rations
 j - a meat ration


   Skills:
 - Level 1.0 Fighting
 - Level 1.5 Dodging
 - Level 3.0 Unarmed Combat
 - Level 2.0 Spellcasting
 + Level 3.5 Transmutations


You couldn't memorise any spells.
You knew the following spells:

 Your Spells              Type           Power        Failure   Level  Hunger
a - Beastly Appendage     Trmt           ##....       6%          1    ##.....
b - Sticks to Snakes      Trmt           ##........   10%         2    ###....
c - Spider Form           Trmt/Pois      #.........   38%         3    ####...


Dungeon Overview and Level Annotations

Branches:
Dungeon (2/15)

Altars:
Ashenzari


Innate Abilities, Weirdness & Mutations

You cannot wear boots.
Your serpentine skin is tough (AC +1).
You have supernaturally acute eyesight.
Armour fits poorly on your strangely shaped body.
Your system is resistant to poisons.
You cover ground very slowly.
You have a slow metabolism.
You can spit poison.


Message History

You miss the adder.
The adder is almost dead.
You feel sick. The adder closely misses you.
You miss the adder.
The adder is almost dead.
You have got your breath back.
The adder bites you but does no damage.
You miss the adder.
The adder is almost dead.
You feel sick. The adder bites you.
* * * LOW HITPOINT WARNING * * *
You miss the adder.
The adder is almost dead.
The adder bites you but does no damage. The adder bites you.
* * * LOW HITPOINT WARNING * * *
You are more poisoned.
The adder poisons you!
You barely miss the adder.
The adder is almost dead.
You die...

#........# #..♣♣♣...#
#.♣# #♣).# #.♣ ♣..# #.♣#
#♣..# #
#..♣♣♣...######.#
#...............#
####..#######..####.####
................@S......
....)............##.###.
#####.########.#.##
####...........#..#
.......###....<#..#
######.# #.#...#..# #.#
#.#).....# #.#
#.###.##.# #.# #.....#
..


You could see an adder.

Vanquished Creatures
  A giant gecko (D:1)
  4 hobgoblins
  2 jackals (D:1)
  3 kobolds (D:1)
  3 bats
  3 giant newts (D:1)
  5 goblins (D:1)
  5 rats (D:1)
26 creatures vanquished.

Notes
Turn   | Place    | Note
--------------------------------------------------------------
     0 | D:1      | urechis the Naga Transmuter began the quest for the Orb.
     0 | D:1      | Reached XP level 1. HP: 18/18 MP: 3/3
    12 | D:1      | Found a shattered altar of Ashenzari.
   430 | D:1      | Reached XP level 2. HP: 16/25 MP: 5/5
   526 | D:1      | Learned a level 2 spell: Sticks to Snakes
  1032 | D:1      | Reached XP level 3. HP: 31/31 MP: 6/6
  1160 | D:2      | Learned a level 3 spell: Spider Form
  1189 | D:2      | HP: 1/31 [adder (3)]
  1190 | D:2      | Succumbed to an adder's poison

Vault maps used:
D:1:      dpeg_arrival_simpleton_a, ashenzari_altar_1
D:2:      first_bread, minmay_stone_trees_small

Action                   || total
-------------------------++-------
Melee: Unarmed           ||    96
 Abil: Spit Poison       ||    14
